 Dungeon Crawl Stone Soup version 0.29.1-12-g30fa7ad0bf (webtiles) character file.

Game seed: 14641986367829379604

222 Descartes the Sneak (level 5, -4/25 HPs)
             Began as a Spriggan Wanderer on Dec 16, 2022.
             Slain by an ogre
             ... wielding a +0 giant spiked club
              (26 damage)
             ... on level 4 of the Dungeon.
             The game lasted 00:04:26 (4216 turns).

Descartes the Sneak (Spriggan Wanderer)             Turns: 4216, Time: 00:04:27

Health: -4/25      AC:  3    Str:  8    XL:     5   Next: 66%
Magic:  10/10      EV: 18    Int: 13    God:
Gold:   199        SH:  0    Dex: 17    Spells: 9/10 levels left

rFire   . . .      SeeInvis +   a - +2 short sword
rCold   . . .      Faith    .   (no shield)
rNeg    + . .      Spirit   .   d - +0 robe
rPois   .          Reflect  .   b - +0 hat
rElec   .          Harm     .   t - +0 cloak
rCorr   .          Rampage  .   (gloves unavailable)
Will    .....                   (boots unavailable)
Stlth   +++.......              (no amulet)
HPRegen 0.08/turn               p - ring of positive energy
MPRegen 0.12/turn               (no ring)

@: very quick
A: very small, no large weapons, unfitting armour, see invisible, speed 3
a: no special abilities


You were on level 4 of the Dungeon.
You visited 1 branch of the dungeon, and saw 4 of its levels.

You collected 199 gold pieces.

Inventory:

Hand Weapons
 a - a +2 short sword (weapon)
Armour
 b - a +0 hat (worn)
 d - a +0 robe (worn)
 t - a +0 cloak (worn)
Magical Staves
 k - a staff of air
 s - a staff of poison
Jewellery
 p - a ring of positive energy (left hand)
Scrolls
 g - a scroll of immolation
 h - 2 scrolls of brand weapon
 l - a scroll of fear
 n - a scroll of enchant weapon
 r - a scroll of butterflies
Potions
 c - 2 potions of haste
 e - 3 potions of curing
 i - a potion of attraction {unknown}
 j - 2 potions of heal wounds
 m - a potion of ambrosia {unknown}
 o - a potion of degeneration
 q - a potion of brilliance {unknown}


   Skills:
 - Level 1.0 Fighting
 + Level 4.2 Short Blades
 + Level 3.2 Dodging
 + Level 4.7 Stealth
 + Level 3.0 Spellcasting
 - Level 1.7 Necromancy
 + Level 2.9 Translocations
 + Level 2.6 Evocations


You had 9 spell levels left.
You knew the following spells:

 Your Spells              Type           Power      Damage    Failure   Level
a - Necrotise             Necr           24%        1d5       11%         1

Your spell library contained the following spells:

 Spells                   Type           Power      Damage    Failure   Level
 Blink                    Tloc           18%        N/A       11%         2
 Vampiric Draining        Necr           6%         2d6       32%         3
 Manifold Assault         Tloc           9%         N/A       89%         5
 Storm Form               Tmut/Air       0%         N/A       100%        7


Dungeon Overview and Level Annotations

Branches:
Dungeon (4/15)
 Temple: D:4-7

Altars:
Okawaru
Uskayaw

Shops:
D:1 =


Innate Abilities, Weirdness & Mutations

You are very small and have problems with some larger weapons.
You are too small for most types of armour.
You have supernaturally acute eyesight. (SInv)
You cover ground extremely quickly. (Speed+++)


Message History

The adder misses you.
You hit the adder.
The adder is almost dead.
The adder completely misses you.
You hit the adder but do no damage.
The adder is almost dead.
The adder misses you.
You hit the adder.
You kill the adder!
You see here an adder corpse.
You now have 199 gold pieces (gained 15).
Found an orange potion.
An ogre comes into view. It is wielding a +0 giant spiked club.
The ogre shouts!
No target in view!
The ogre completely misses you.
You hit the ogre but do no damage. You hit the ogre.
The ogre is lightly wounded.
The ogre misses you.
You barely miss the ogre.
The ogre is lightly wounded.
You hit the ogre.
The ogre is lightly wounded.
The ogre closely misses you.
You hit the ogre.
The ogre is moderately wounded.
The ogre barely misses you.
You hit the ogre.
The ogre is moderately wounded.
You hit the ogre but do no damage.
The ogre is moderately wounded.
The ogre completely misses you.
You hit the ogre.
The ogre is heavily wounded.
You hit the ogre.
The ogre is severely wounded.
The ogre hits you with a +0 giant spiked club!!
Ouch! That really hurt!
You die...

♣♣♣♣♣♣♣....##.... ........#
.......... .#
........##.........##.#.
.........#...##........
.........<...# ......##.
.♣....###...## .........
.♣....#.....####..PPP.
.♣........#....O...♣ .!
.♣......###....#@PP♣ P♣....
.♣.#....###.......P♣♣PP.....
.♣##.....##......♣♣♣.♣PP....#
..####............♣.P.......#
..##.#..##.................#
........##.................#.
....#........#...............
...###.....#####............
#..# ###...#..##........#..


You could see an ogre.

Vanquished Creatures
  A black bear (D:4)
  Jessica (D:2)
  An orc wizard (D:3)
  3 adders
  A dart slug (D:2)
  5 orcs
  A ball python (D:2)
  3 bats
  6 endoplasms
  3 goblins (D:2)
  7 hobgoblins
  5 quokkas
  3 frilled lizards
  6 kobolds
  A rat (D:1)
47 creatures vanquished.

Vanquished Creatures (others)
  A fungus (D:3)
  A plant (D:4)
2 creatures vanquished.

Grand Total: 49 creatures vanquished

Notes
Turn   | Place    | Note
-------+----------+-------------------------------------------
     0 | D:1      | Descartes the Spriggan Wanderer began the quest for the
                  | Orb.
     0 | D:1      | Descartes set off with the following items: a +2 short
                  | sword, a +0 hat, a potion of haste, a +0 robe; and the
                  | following spell memorised: Necrotise; and the following
                  | spells available to memorise: Vampiric Draining.
     0 | D:1      | Reached XP level 1. HP: 10/10 MP: 3/3
   535 | D:1      | Reached XP level 2. HP: 14/14 MP: 5/5
   550 | D:1      | Found Zicej's Jewellery Shoppe.
   774 | D:1      | Reached skill level 1 in Translocations
   990 | D:1      | Reached skill level 1 in Evocations
  1713 | D:2      | Reached XP level 3. HP: 18/18 MP: 5/7
  2399 | D:2      | Noticed Jessica
  2415 | D:2      | Killed Jessica
  2416 | D:2      | Reached XP level 4. HP: 6/22 MP: 8/8
  3641 | D:3      | Found an iron altar of Okawaru.
  3942 | D:3      | Noticed a +0 hand axe
  3943 | D:3      | Noticed a +0 hand axe
  3946 | D:3      | Found a hide-covered altar of Uskayaw.
  4051 | D:3      | Found a faded altar of an unknown god.
  4086 | D:4      | Noticed a black bear
  4087 | D:4      | Killed a black bear
  4088 | D:4      | Reached XP level 5. HP: 25/25 MP: 8/10
  4202 | D:4      | Noticed an ogre
  4216 | D:4      | Slain by an ogre

Illustrated notes

Levels and vault maps discovered:
D:1:      evilmike_arrival_crescent, layout_loops_corners, serial_shops,
          shop_statue
D:2:      layout_loops_ring, minmay_tromino_i4, uniq_jessica
D:3:      layout_rooms, mainiacjoe_overflow_cross_hatched,
          dancing_weapons_uskayaw, shapermc_ecumenical_altar_hornbeckon,
          hex_large
D:4:      layout_cave_pools, gup_sewer_entry_spiral, serial_forest,
          infiniplex_forest_straight_2, infiniplex_forest_clump_tiny,
          infiniplex_forest_clump_tiny, infiniplex_forest_clump_double,
          infiniplex_forest_straight_5, infiniplex_forest_end_1,
          infiniplex_forest_clump_medium

Skill      XL: |  1  2  3  4 |
---------------+-------------+-----
Translocations | 1 2 |  2.9
Evocations     | 1 2 |  2.6
Spellcasting   | 2 3 |  3.0
Dodging        | 2 3 |  3.2
Stealth        | 4 |  4.7
Short Blades   | 4 |  4.2
Fighting       | |  1.0
Necromancy     | |  1.7

Action                   |  1- 3 |  4- 6 || total
-------------------------+-------+-------++-------
Melee: Short sword       |    97 |    82 ||   179
       Punch             |     4 |     1 ||     5
  Use: Scroll            |       |     8 ||     8
 Stab: Sleeping          |     7 |     4 ||    11
Armor: Robe              |     9 |     3 ||    12
Dodge: Dodged            |    77 |    52 ||   129
